cohdb
Replays
Latest Replays
All Replays
Popular Replays
Top Player Replays
Match Explorer
How It Works
Community
CoH3 Stats
Reddit
Sign in to upload your games and track your stats! →
Sign in with Steam
Match 37527353
Unlisted
Match 37527353
Overview
Messages
Build Orders
End
Kradschützen Motorcycle Team
Panzergrenadier Squad
250 Light Carrier
250 Light Carrier
Construct Light Support Kompanie
Combat Half-tracks
Construct Mechanized Kompanie
Selects Armored Support Battlegroup
Selects Superior Fire Drills
8 Rad Armored Car
Panzerjäger Mechanized Group
Vehicle Survival Package
Support Armor Elements
Emergency Repair Kits
Rapid Advance
Panzerjäger Mechanized Group
Selects Flammpanzer III Medium Tank
Flammpanzer III Medium Tank
Selects Salvage Kits
Flammpanzer III Medium Tank
CPU - VERY EASY
Akaxiya
TurqBounty
USrifles
0
0
Comments
sign in to comment!
No comments posted yet!